Unix NetHack Version 5.0.0-0 post-release - last build Jun 10 2026 00:39:30 (3ee93aec679c4c4259841fe613dc97188e26a321,branch:main).

Game began 2026-06-23 03:43:34, ended 2026-06-24 00:49:58.

JohnDarcy, chaotic male human Rogue

                           ----          -----------
                          --.>--------   |.........|
                          |..[.......|   |.........|
                          |.`-----.-.|   |.........|
                          |..|...|``.|   |....<....|
                          |.`.`.`..f-|   |.........|
                          |.`..`.M|..|   |.........|
                          |.----`.--.|   |.........|
                          |..`.....|.--  |.........|
                          |.---`-..`..------------+|
                          |...|...-..^....^^^^^^^^.|
                          |.........----------------
                          -----..|..|
                              -------

JohnDarcy the Cutpurse  St:14 Dx:18 Co:14 In:9 Wi:10 Ch:15  Chaotic
Dlvl:4  $:43 HP:0(36) Pw:19(19) AC:10 Xp:4 T:1976  Burdened

Latest messages:
 The straw golem hits!
 The straw golem hits again!
 You hit the straw golem.
 The straw golem hits!
 The straw golem hits again!
 The straw golem hits!
 The straw golem hits again!
 You hit the straw golem.
 The straw golem hits!
 The straw golem hits again!
 Sponge bites it.
 It hits Sponge.
 It knocks Sponge backward with a forceful blow!
 You destroy the straw golem!
 With great effort you move the boulder.
 With great effort you move the boulder.
 The boulder suddenly rolls away from you!
 You hear a boulder fall.
 You swap places with Sponge.
 With great effort you move the boulder.
 With great effort you move the boulder.
 With great effort you move the boulder.
 With great effort you move the boulder.
 With great effort you move the boulder.
 The boulder suddenly rolls away from you!
 You hear a boulder fall.
 You hear a wolf howling at the moon.
 You see here a +0 dagger.
 You have a little trouble lifting b - a +0 dagger (at the ready) (8 in total).
 With great effort you move the boulder.
 You hear a wolf howling at the moon.
 You hear a wolf howling at the moon.
 With great effort you move the boulder.
 The gnome mummy attacks a spot beside you.
 You miss the gnome mummy.
 You hit the gnome mummy!
 The gnome mummy hits!
 You miss the gnome mummy.
 The gnome mummy hits!
 You miss the gnome mummy.
 The gnome mummy hits!
 The gnome mummy hits!
 You hit the gnome mummy!
 The gnome mummy hits!
 You die...
 Do you want your possessions identified? [ynq] (y) y
 Do you want to see your attributes? [ynq] (y) y
 Do you want an account of creatures vanquished? [ynaq] (y) y
 Do you want to see your conduct and achievements? [ynq] (y) y
 Do you want to see the dungeon overview? [ynq] (y) y

Inventory:
 Coins    ('$')
  $ - 43 gold pieces
 Weapons  (')')
  b - 8 +0 daggers (at the ready)
  s - the +0 Sting
  a - a blessed +0 short sword (weapon in right hand)
 Armor    ('[')
  c - an uncursed +1 leather armor
  h - an uncursed +0 plate mail
 Comestibles  ('%')
  p - an uncursed apple
  d - an uncursed food ration
 Scrolls  ('?')
  r - 2 uncursed scrolls of earth
  j - an uncursed scroll of enchant armor
  n - an uncursed scroll of identify
 Potions  ('!')
  w - 2 uncursed potions of object detection
 Rings    ('=')
  q - a cursed -1 ring of increase accuracy
  z - an uncursed ring of invisibility (on left hand)
 Wands    ('/')
  o - a wand of light (0:13)
  x - a wand of make invisible (0:8)
 Tools    ('(')
  f - an empty uncursed sack
  g - an uncursed blindfold
  e - an uncursed lock pick

JohnDarcy the Rogue's attributes:

Background:
 You were a Cutpurse, a level 4 male human Rogue.
 You were chaotic, on a mission for Kos
 who was opposed by Issek (lawful) and Mog (neutral).
 You were right-handed.
 You were in Sokoban, on level 4.
 You entered the dungeon 1976 turns ago.
 It was the midnight hour.
 You had 156 experience points, 4 more were needed to attain level 5.

Basics:
 You had 0 out of 36 hit points.
 You had all 19 energy points (spell power).
 Your armor class was 10.
 Your wallet contained 43 zorkmids.
 Autopickup was off.

Final Characteristics:
 Your strength was 14 (limit:18/100).
 Your dexterity was 18 (limit:18).
 Your constitution was 14 (limit:18).
 Your intelligence was 9 (limit:18).
 Your wisdom was 10 (limit:18).
 Your charisma was 15 (limit:18).

Final Status:
 You weren't hungry.
 You were burdened; movement was slightly slowed.
 You were wielding a short sword.
 You had basic skill with short sword.
 You weren't wearing any armor.

Final Attributes:
 You were devoutly aligned.
 You were telepathic.
 You were invisible.
 You were stealthy.
 You are dead.

Miscellaneous:
 You didn't encounter any bones levels.
 Total elapsed playing time was 27 minutes and 7 seconds.

Major events:
 Turn
    1: JohnDarcy the chaotic male human Rogue entered the dungeon
  390: became literate by naming Sting
 1063: entered Sokoban
 1284: attained the rank of Cutpurse (level 3)
 1584: completed 1st Sokoban level
 1976: killed by a gnome mummy

You didn't know any spells.

Skills:
 Fighting Skills
   bare handed combat [Unskilled]
   two weapon combat  [Unskilled]
   riding             [Unskilled]
 Weapon Skills
   dagger             [Basic]
   knife              [Unskilled]
   short sword        [Basic]
   broadsword         [Unskilled]
   long sword         [Unskilled]
   two-handed sword   [Unskilled]
   saber              [Unskilled]
   club               [Unskilled]
   mace               [Unskilled]
   morning star       [Unskilled]
   flail              [Unskilled]
   hammer             [Unskilled]
   polearms           [Unskilled]
   spear              [Unskilled]
   crossbow           [Unskilled]
   dart               [Unskilled]
   shuriken           [Unskilled]
 Spellcasting Skills
   divination spells  [Unskilled]
   escape spells      [Unskilled]
   matter spells      [Unskilled]

Voluntary challenges:
 Character rerolling was not enabled.
 You never genocided any monsters.
 You never polymorphed an object.
 You used no wishes.
 You violated the special Sokoban rules once.
Achievements:
 You entered Sokoban.
 You attained the rank of Cutpurse.

 The Dungeons of Doom: levels 1 to 6
    Level 1:
    Level 2:
    Level 3:
    Level 4:
    Level 5:
    Level 6:
       A fountain, a sink.
       Stairs up to Sokoban, level 5.
 Sokoban: levels 5 up to 4
    Level 4: <- You were here.
       Unsolved.
       Final resting place for
          you, killed by a gnome mummy.
    Level 5:
       Solved.


Vanquished creatures:
  a wood nymph
  a water nymph
  a fog cloud
  a gray ooze
  a straw golem
  a floating eye
  a kobold leader
  2 hill orcs
  a werejackal
  2 iguanas
  3 coyotes
  2 hobbits
  2 manes
  a large kobold
  2 hobgoblins
  8 giant rats
  a yellow mold
  2 gnome zombies
  2 geckos
  5 jackals
  a goblin
  2 grid bugs
  2 lichens
  a kobold zombie
  a newt
47 creatures vanquished.

No species were genocided or became extinct.

Game over:
                       ----------
                      /          \
                     /    REST    \
                    /      IN      \
                   /     PEACE      \
                  /                  \
                  |    JohnDarcy     |
                  |      43 Au       |
                  |   killed by a    |
                  |   gnome mummy    |
                  |                  |
                  |                  |
                  |       2026       |
                 *|     *  *  *      | *
        _________)/\\_//(\/(/\)/\//\/|_)_______

Goodbye JohnDarcy the Rogue...

You died in Sokoban on dungeon level 4 with 923 points,
and 43 pieces of gold, after 1976 moves.
You were level 4 with a maximum of 36 hit points when you died.

